 Dungeon Crawl Stone Soup version 0.31-a0-1068-g5939ac1 (webtiles) character file.

Game seed: 15656156220564473124

65 DevouringOne the Covered (level 3, -1/33 HPs)
             Began as an Armataur Fighter on Nov 22, 2023.
             Slain by a hobgoblin (2 damage)
             ... led by Robin
             ... while paralysed by Grinder
             ... on level 3 of the Dungeon.
             The game lasted 00:02:10 (1383 turns).

DevouringOne the Covered (Armataur Fighter)         Turns: 1383, Time: 00:02:10

Health: -1/33      AC:  6    Str: 23    XL:     3   Next: 94%
Magic:  3/3        EV:  1    Int:  8    God:
Gold:   79         SH:  0    Dex:  9    Spells: 2/2 levels left

rFire   . .          .
                       - Unarmed
rCold   + . .        b - +0 buckler
rNeg    . . .        a - +0 scale mail
rPois   .            (no helmet)
rElec   .            (no cloak)
rCorr   .            (no gloves)
SInv    .            (no barding)
Will    .....        (no amulet) Stlth
                     f - ring of protection from cold
HPRegen 0.25/turn    (no ring)
MPRegen 0.08/turn

%: roll
@: paralysed, mighty
A: large, deformed body, tough skin 3, armoured tail, roll 1, long tongue
a: no special abilities


You were on level 3 of the Dungeon.
You visited 1 branch of the dungeon, and saw 3 of its levels.

You collected 79 gold pieces.

Inventory:

Armour
 a - a +0 scale mail (worn)
 b - a +0 buckler (worn)
Jewellery
 f - a ring of protection from cold (left hand)
Potions
 d - a potion of attraction {unknown}
 e - a potion of heal wounds {unknown}
 g - a potion of invisibility {unknown}


   Skills:
 + Level 3.6 Fighting
 - Level 3.6 Armour
 - Level 3.2 Shields
 + Level 3.0 Unarmed Combat


You had 2 spell levels left.
You didn't know any spells.
Your spell library was empty.

Dungeon Overview and Level Annotations

Branches:
Dungeon (3/15)

Altars:
Hepliaklqana
Yredelemnul
Zin

Annotations:
D:3 Grinder, Ijyb


Innate Abilities, Weirdness & Mutations

Armour fits poorly on your strangely shaped body.
You have extremely tough skin. (AC +3)
You have a long armoured tail.
You roll when moving toward enemies. (Rampage)
Your long tongue fully drains potion bottles. (2x potion effects)


Message History

You punch the hobgoblin!
You kill the hobgoblin!
The goblin hits you with a +0 club. Grinder gestures at you.
You barely resist.
The hobgoblin hits you but does no damage.
You punch the goblin!
You kill the goblin!
The hobgoblin completely misses you.
You hit Grinder.
Grinder is lightly wounded.
Grinder blinks!
The hobgoblin hits you but does no damage.
Items here: )) / [[ †††.
You roll towards Grinder!
You closely miss Grinder. You tail-slap Grinder!
Grinder is moderately wounded.
Grinder barely misses you. The hobgoblin barely misses you.
You closely miss Grinder.
Your tail-slap misses Grinder.
Grinder is moderately wounded.
Grinder gestures at you. Pain shoots through your body!
The hobgoblin hits you but does no damage.
You punch Grinder!
Your tail-slap misses Grinder.
Grinder is severely wounded.
Grinder barely misses you. The hobgoblin hits you.
You barely miss Grinder.
Grinder is severely wounded.
Grinder hits you but does no damage.
The hobgoblin hits you but does no damage.
You hit Grinder.
Grinder is severely wounded.
Grinder gestures at you.
You suddenly lose the ability to move!
The hobgoblin hits you.
* * * LOW HITPOINT WARNING * * *
Grinder hits you.
* * * LOW HITPOINT WARNING * * *
You writhe in agony.
* * * LOW HITPOINT WARNING * * *
The hobgoblin hits you.
You die...

≈≈≈≈≈§§####.............
§§....≈...##.............
≈≈≈≈≈.≈.#.##.............
≈§(_≈.§.....###########..
≈.≈≈≈.≈...### ###..
≈...§§§...# #....
§≈≈≈≈≈§...## #....
....§.§.5..# ##....
≈≈≈.≈.§§@..+ +.....
§_..≈.§§)g.# ##....
≈≈≈≈§§≈.#..# #....
.....§≈)#### #....
§§§≈§≈§.. #####
..!......# ### ####.....#
... #.....# ... ......#
...


You could see Grinder and a hobgoblin.

Vanquished Creatures
  Robin (D:3)
  5 orcs
  4 bats
  4 endoplasms
  2 giant cockroaches
  12 goblins
  A hobgoblin (D:3)
  A jackal (D:1)
  2 kobolds
  A quokka (D:1)
  3 ball pythons
  4 rats
40 creatures vanquished.

Notes
Turn   | Place    | Note
-------+----------+-------------------------------------------
     0 | D:1      | DevouringOne the Armataur Fighter began the quest for the
                  | Orb.
     0 | D:1      | Reached XP level 1. HP: 18/18 MP: 1/1
   318 | D:1      | Reached XP level 2. HP: 26/26 MP: 2/2
   852 | D:2      | Found a glowing silver altar of Zin.
  1075 | D:3      | Noticed Ijyb
  1097 | D:2      | Reached XP level 3. HP: 19/31 MP: 3/3
  1203 | D:3      | Found a faded altar of an unknown god.
  1345 | D:3      | Found a hazy altar of Hepliaklqana.
  1348 | D:3      | Found a basalt altar of Yredelemnul.
  1350 | D:3      | Noticed Robin
  1366 | D:3      | Noticed Grinder
  1373 | D:3      | Killed Robin
  1382 | D:3      | Paralysed by Grinder for 4 turns
  1383 | D:3      | HP: 1/33 [Grinder (2)]
  1383 | D:3      | Slain by a hobgoblin

Illustrated notes

Levels and vault maps discovered:
D:1:      dpeg_arrival_pond, layout_basic
D:2:      layout_loops_ring, basic_altar, st_stairs_13
D:3:      minmay_goblin_kobold_castle, layout_basic,
          mainiacjoe_overflow_catwalk_spiral,
          ebering_ecumenical_altar_abandoned, kennysheep_generic_room_9,
          uniq_ijyb, uniq_robin, uniq_grinder

Skill      XL: |  1  2  3 |
---------------+----------+-----
Unarmed Combat | 2 3 |  3.0
Fighting       | 3 |  3.6
Armour         | |  3.6
Shields        | |  3.2

Action                     || total
---------------------------++-------
  Melee: Unarmed           ||   116
         Tailslap          ||     9
    Use: Scroll            ||     1
         Potion            ||     2
 Armour: Scale mail        ||    87
  Dodge: Dodged            ||    28
  Block: Buckler           ||    15

Table legend: (Time is in decaauts)
 A = Elapsed time spent in this place.
 B = Non-inter-level travel time spent in this place.
 C = Inter-level travel time spent in this place.
 D = Time resting spent in this place.
 E = Time spent auto-exploring this place.
 F = Levels seen in this place.
 G = Mean time per level.
                   A        B        C        D        E       F      G
               +--------+--------+--------+--------+--------+-----+--------+
         Total |   1381 |   1247 |    134 |      0 |   1007 |   3 |  460.3 |
       Dungeon |   1381 |   1247 |    134 |      0 |   1007 |   3 |  460.3 |
               +--------+--------+--------+--------+--------+-----+--------+

Top non-repeatable levels by time:
     D:1: 714 daAuts
     D:2: 428 daAuts
     D:3: 239 daAuts
